 Dungeon Sprint DCSS version 0.30-a0-800-g7c544603b3 (webtiles) character file.

Game seed: 2469496402605806925

6 rocky1 the Gusty (level 1, 0/14 HPs)
             Began as a Demigod Air Elementalist on Feb 23, 2023.
             Splashed by a jelly's acid (5 damage)
             ... in the Dungeon (Sprint IX: "|||||||||||||||||||||||||||||").
             The game lasted 00:00:40 (82 turns).

rocky1 the Gusty (Demigod Air Elementalist)           Turns: 82, Time: 00:00:41

Health: 0/14       AC: -2    Str:  9    XL:     1   Next: 60%
Magic:  2/6        EV: 12    Int: 17    God:
Gold:   0          SH:  0    Dex: 14    Spells: 3/4 levels left

rFire   . . .      SeeInvis .    h - +0 dagger
rCold   . . .      Faith    .    (no shield)
rNeg    . . .      Spirit   .    a - +0 robe
rPois   .          Reflect  .    (no helmet)
rElec   .          Harm     .    (no cloak)
rCorr   .          Rampage  .    (no gloves)
Will    .....      NoTele   +    (no boots)
Stlth   ++                       (no amulet)
HPRegen 0.22/turn                (no ring)
MPRegen 0.10/turn                (no ring)

@: corroded
A: high MP 1, forlorn, divine attributes
a: no special abilities


You were in the Dungeon.
You visited 1 branch

Inventory:

Hand Weapons
 h - a +0 dagger (weapon)
Armour
 a - a +0 robe (worn)
Scrolls
 g - a scroll of blinking
Potions
 b - 3 potions of magic
 c - a potion of curing
 e - a potion of haste
 f - a potion of berserk rage


   Skills:
 - Level 1.7 Dodging
 - Level 1.7 Stealth
 + Level 2.4 Spellcasting
 + Level 2.0 Conjurations
 + Level 3.3 Air Magic


You had 3 spell levels left.
You knew the following spells:

 Your Spells              Type           Power      Damage    Failure   Level
a - Shock                 Conj/Air       44%        1d5       6%          1

Your spell library contained the following spells:

 Spells                   Type           Power      Damage    Failure   Level
 Static Discharge         Conj/Air       22%        2-3/arc   10%         2
 Swiftness                Air            13%        N/A       14%         3
 Airstrike                Air            6%         2d(1-17)  43%         4


Dungeon Overview and Level Annotations

Branches:
Dungeon (1/1)


Innate Abilities, Weirdness & Mutations

You have an increased reservoir of magic. (+10% MP)
You shall have no god before yourself.
Your divine heritage dramatically boosts your attributes as you level up.


Message History

Aim: a jelly (moderately wounded, 100% to hit)
The zap hits the jelly.
The jelly is moderately wounded.
The zap hits the orc.
The orc is heavily wounded.
The zap hits the black bear.
The black bear is moderately wounded.
The zap hits the iguana.
The iguana is moderately wounded.
The zap hits the phantom.
The phantom is lightly damaged.
The jelly barely misses you.
Aiming: Shock (safe; 6% risk of failure)
Press: ? - help, Q - select action Shift-Dir - straight line, f/p - jelly
Aim: a jelly (moderately wounded, 100% to hit)
The zap hits the jelly.
The jelly is heavily wounded.
The zap hits the orc.
The orc is severely wounded.
The zap hits the black bear.
The black bear is moderately wounded.
The zap hits the iguana.
The iguana is heavily wounded.
The zap hits the phantom.
The phantom is lightly damaged.
The jelly hits you. The acid corrodes you!
You are splashed with acid!
Ouch! That really hurt!
Aiming: Shock (safe; 6% risk of failure)
Press: ? - help, Q - select action Shift-Dir - straight line, f/p - jelly
Aim: a jelly (heavily wounded, 100% to hit)
The zap hits the jelly.
The jelly is severely wounded.
The zap misses the orc.
The zap hits the black bear.
The black bear is heavily wounded.
The zap hits the iguana.
The iguana is severely wounded.
The zap hits the phantom.
The phantom is lightly damaged.
The jelly hits you.
You are splashed with acid.
You die...

▓+▓
▓.▓
▓W▓
▓l▓
▓h▓
▓o▓
▓J▓
▓@▓
▓.▓
▓.▓
▓.▓
▓.▓
▓(▓
▓.▓
▓.▓
▓.▓


You could see a black bear, a phantom, an iguana, a jelly and an orc.

Vanquished Creatures
  A ball python (D)
  2 endoplasms (D)
  A giant cockroach (D)
  A kobold (D)
5 creatures vanquished.

Notes
Turn   | Place    | Note
-------+----------+-------------------------------------------
     0 | D        | rocky1 the Demigod Air Elementalist began the quest for the
                  | Orb.
     0 | D        | Reached XP level 1. HP: 14/14 MP: 5/5
     6 | D        | Reached skill level 1 in Conjurations
     7 | D        | Reached skill level 3 in Air Magic
    78 | D        | Noticed a phantom
    78 | D        | Noticed an iguana
    78 | D        | Noticed a black bear
    78 | D        | Noticed a jelly
    82 | D        | Splashed by a jelly's acid

Illustrated notes

Levels and vault maps discovered:
D:        linesprint [early_d, line_temple, items_1, d_10, items_2, lair_1,
          lair_end, items_3, orc_1, orc_end, items_4, d_15, swamp_1, shoals_1,
          snake_1, spider_1, d_20, vaults_1, items_5, swamp_end, shoals_end,
          snake_end, spider_end, vaults_end, d_27, items_6, zot_1, zot_end,
          crypt_end, forest_end, elf_end, slime_end, tomb_end, abyss_end,
          pan_hell_end]

Skill      XL: |  1 |
---------------+----+-----
Conjurations   | 2 |  2.0
Spellcasting   | 2 |  2.4
Air Magic      | 3 |  3.3
Dodging        | |  1.7
Stealth        | |  1.7

Action                     || total
---------------------------++-------
  Melee: Unarmed           ||    10
         Dagger            ||     4
         Punch             ||     1
   Cast: Shock             ||    10
    Use: Potion            ||     1
 Armour: Robe              ||     1
  Dodge: Dodged            ||    13

Table legend: (Time is in decaauts)
 A = Elapsed time spent in this place.
 B = Non-inter-level travel time spent in this place.
 C = Inter-level travel time spent in this place.
 D = Time resting spent in this place.
 E = Time spent auto-exploring this place.
 F = Levels seen in this place.
 G = Mean time per level.
                   A        B        C        D        E       F      G
               +--------+--------+--------+--------+--------+-----+--------+
         Total |     81 |     81 |      0 |     45 |      0 |   1 |   81.0 |
       Dungeon |     81 |     81 |      0 |     45 |      0 |   1 |   81.0 |
               +--------+--------+--------+--------+--------+-----+--------+

Top non-repeatable levels by time:
       D: 81 daAuts
